ProzacElf, chaotic female orcish Wizard -- >. -h-------- |........| |-..h..| - |.u.@.-- ---(--- --- |.------ ..| --- |/..|-.---.----|.. ---.|....|.....|.--- |.......%......|.-- ---....<..-.......| --.....--........| |..|.----.-.....-- |..|.........)..-- ------..--.......| |..|---.....| |..| |..|.-- ---- ------ ProzacElf the Thaumaturge Experience level: 6 Strength: 13 Dexterity: 17 Constitution: 12 Intelligence: 16 Wisdom: 11 Charisma: 11 Health: 0(34) Energy: 0(23) Def: 5 Gold: 974 Moves: 3522 Dungeon seed: aATkZhPzZPkbX0A4 Game ID: ProzacElf_1448703716 Your Inventory: Coins $ - 974 gold pieces Weapons a - a blessed +1 quarterstaff (alternate weapon; not wielded) h - a cursed -2 dart m - a +0 dart M - a blessed +0 elven dagger (weapon in hand) R - a +0 dagger (in quiver) Armor e - an uncursed +0 cloak of magic resistance (being worn) q - an uncursed +0 pair of water walking boots (being worn) N - an uncursed rusty +0 dwarvish iron helm (being worn) Comestibles W - an uncursed tripe ration Scrolls j - an uncursed scroll of create monster k - an uncursed scroll of remove curse p - a cursed scroll of enchant weapon u - an uncursed scroll of destroy armor v - an uncursed scroll of charging x - an uncursed scroll of light B - an uncursed scroll of teleportation J - an uncursed scroll of blank paper S - an uncursed scroll of magic mapping Spellbooks l - a blessed spellbook of force bolt s - an uncursed spellbook of detect food z - an uncursed spellbook of turn undead O - an uncursed spellbook of create monster Potions f - 3 uncursed potions of object detection g - an uncursed potion of full healing o - an uncursed potion of booze w - a cursed potion of sickness H - an uncursed potion of healing L - a cursed potion of gain ability Rings c - an uncursed ring of polymorph Z - an uncursed +2 ring of protection (on left hand) Wands b - a wand of lightning (0:6) C - a wand of undead turning (0:4) Tools d - an uncursed skeleton key i - an uncursed tin whistle n - an uncursed blindfold T - 2 cursed tallow candles (0:200) Y - an uncursed tallow candle (0:200) Gems r - an uncursed worthless piece of blue glass y - an uncursed worthless piece of violet glass Spells and supernatural/magical abilities: Name Level Category Fail Memory a - force bolt 1 attack 0% 83% O - create monster 2 clerical 70% 83% W - pray for help -- divine ? -- Your skills at the end: Fighting Skills Weapon Skills dagger [Basic] quarterstaff [Basic] Spellcasting Skills attack spells [Basic] enchantment spells [Basic] Final Attributes: You were piously aligned. You were poison resistant. You were magic-protected. You had infravision. You could walk on water. You were protected. You are dead. Vanquished creatures: 2 gnome kings 2 blue jellies a bugbear a wood nymph a water nymph a rock piercer a rock mole a gnome lord 2 gnomish wizards a gray ooze 5 giant ants a floating eye a kitten 3 dwarves 2 kobold lords a kobold shaman a centipede 2 giant bats a monkey an acid blob 2 gas spores 2 hobbits 2 manes a large kobold a giant rat 2 cave spiders a green mold 15 gnomes 4 garter snakes 2 geckos 8 jackals 2 kobolds 2 sewer rats a grid bug 2 bats 5 lichens a kobold zombie 3 newts 87 creatures vanquished. Voluntary challenges: You used a wielded weapon 119 times, starting on turn 34. You read items or engraved 3 times, starting on turn 837. You never genocided any monsters. You never polymorphed an object. You never changed form. You used no wishes. You never split a pudding. You never wrote Elbereth's name. You never violated your personal moral code. Dungeon overview: The Dungeons of Doom: levels 1 to 5 Level 1 a fountain a long staircase Level 2 Level 3 an altar to Thoth, a fountain stairs to The Gnomish Mines Level 4 a fountain, a sink Level 5 a fountain The Gnomish Mines: levels 4 to 5 Level 4 stairs to The Dungeons of Doom Level 5 <- You were here History has recorded: On T:1 you entered the Dungeons of Doom to retrieve the Amulet of Yendor! On T:277 you reached level 2 of The Dungeons of Doom. On T:526 you advanced to experience level 2. On T:593 you reached level 3 of The Dungeons of Doom. On T:803 you advanced to experience level 3. On T:966 you reached level 4 of The Dungeons of Doom. On T:1143 you reached level 5 of The Dungeons of Doom. On T:1451 you advanced to experience level 4. On T:1452 you advanced to experience level 5. On T:2249 you reached level 1 of The Gnomish Mines. On T:2352 you advanced to experience level 6. On T:3403 you reached level 2 of The Gnomish Mines. Score breakdown: Gold: 974 (10167 points) Experience: 6 levels (12456 points) Exploration: 5 levels ( 10.00%) ( 8571 points) Discoveries: 3 items ( 1.09%) ( 3127 points) Valuables value: (no points given unless you survive) Artifact value: 0 ( 0 points) Variety of kills: 38 monsters ( 9.97%) ( 9474 points) Turncount: 3522 turns ( -836 points) Survival: died (score multiplied by 80%) Total score: 34367 Latest messages: The spell hits the dwarf lord! Clip-Clop hits the gnome. The gnome is killed! The dwarf lord thrusts his dagger. The dwarf lord hits! The dwarf lord thrusts his dagger. The dwarf lord hits! You die... Final status: Goodbye ProzacElf the Wizard, killed by a dwarf lord... You died in The Gnomish Mines on dungeon level 5 with 34367 points, and 974 pieces of gold, after 3522 moves. You were level 6 with a maximum of 34 hit points when you died.